 Dungeon Crawl Stone Soup version 0.28.0-43-g3370ac3207 (webtiles) character file.

Game seed: 2101197948848569602

296 pkoi the Insei (level 5, -4/44 HPs)
             Began as a Demigod Gladiator on Apr 1, 2022.
             Slain by an ice beast (13 damage)
             ... on level 4 of the Dungeon.
             The game lasted 00:07:50 (5894 turns).

pkoi the Insei (Demigod Gladiator)                  Turns: 5894, Time: 00:07:50

Health: -4/44      AC:  6    Str: 15    XL:     5   Next: 86%
Magic:  9/9        EV: 13    Int: 14    God:
Gold:   62         SH:  0    Dex: 15    Spells: 5/6 levels left

rFire   + . .      SeeInvis .   a - +2 dagger (venom)
rCold   . . .      Faith    .   (no shield)
rNeg    . . .      Spirit   .   n - +0 leather armour
rPois   .          Reflect  .   o - +1 helmet
rElec   .          Harm     .   r - +0 cloak
rCorr   .          Rampage  .   (no gloves)
Will    .....                   (no boots)
Stlth   +.........              (no amulet)
HPRegen 0.14/turn               m - ring of protection from fire
MPRegen 0.11/turn               (no ring)

@: no status effects
A: high MP 1, forlorn, divine attributes
a: no special abilities


You were on level 4 of the Dungeon.
You visited 1 branch of the dungeon, and saw 5 of its levels.

You collected 62 gold pieces.

Inventory:

Hand Weapons
 a - a +2 dagger of venom (weapon)
 b - a +0 hunting sling
 i - a +1 club
 l - a +2 short sword of speed
Missiles
 c - 3 throwing nets
 d - 30 sling bullets
 k - 6 boomerangs (quivered)
Armour
 n - a +0 leather armour (worn)
 o - a +1 helmet (worn)
 r - a +0 cloak (worn)
Jewellery
 f - a +4 ring of slaying
 m - a ring of protection from fire (left hand)
Scrolls
 e - a scroll of fear
 p - a scroll of teleportation
 s - 2 scrolls of fog
Potions
 g - a potion of haste
 h - a potion of magic
 j - a potion of heal wounds
 q - a potion of curing {unknown}


   Skills:
 + Level 2.8 Fighting
 - Level 1.7 Throwing
 + Level 3.4 Dodging
 * Level 4.5 Unarmed Combat
 + Level 1.4 Spellcasting
 + Level 1.6 Hexes


You had 5 spell levels left.
You knew the following spells:

 Your Spells              Type           Power      Damage    Failure   Level
a - Slow                  Hex            20%        N/A       16%         1

Your spell library contained the following spells:

 Spells                   Type           Power      Damage    Failure   Level
 Confusing Touch          Hex            5%         N/A       43%         3
 Vampiric Draining        Necr           0%         2d6       67%         3


Dungeon Overview and Level Annotations

Branches:
Dungeon (5/15)
 Temple: D:4-7

Annotations:
D:2 Sigmund, Terence


Innate Abilities, Weirdness & Mutations

You have an increased reservoir of magic. (+10% MP)
You shall have no god before yourself.
Your divine heritage dramatically boosts your attributes as you level up.


Message History

The ice beast resists with some effort.
The ice beast hits you but does no damage.
Unknown command.
You hit the ice beast.
The ice beast is lightly wounded.
The ice beast barely misses you.
You hit the ice beast but do no damage.
The ice beast is lightly wounded.
The ice beast barely misses you.
You hit the ice beast but do no damage.
The ice beast is lightly wounded.
The ice beast completely misses you.
You closely miss the ice beast.
The ice beast is lightly wounded.
The ice beast barely misses you.
You barely miss the ice beast.
The ice beast is lightly wounded.
The ice beast hits you. The ice beast freezes you!
* * * LOW HITPOINT WARNING * * *
You closely miss the ice beast.
The ice beast is lightly wounded.
The ice beast barely misses you.
You hit the ice beast but do no damage.
The ice beast is lightly wounded.
The ice beast hits you.
* * * LOW HITPOINT WARNING * * *
The ice beast freezes you!
* * * LOW HITPOINT WARNING * * *
You barely miss the ice beast.
The ice beast is lightly wounded.
The ice beast hits you.
* * * LOW HITPOINT WARNING * * *
The ice beast freezes you!
* * * LOW HITPOINT WARNING * * *
You hit the ice beast but do no damage.
The ice beast is lightly wounded.
The ice beast hits you.
* * * LOW HITPOINT WARNING * * *
The ice beast freezes you!
You die...

#.....#.#..# #.....#.##.##
####.....#..# #####.#..####
#.......### ####..###.### #..#
#.#.# #######..###.#.######
#......#>..@Y..#....#
#......+.###.....#..# #......###
#.#.#.#..# ###.########.#......#
########)# ###........#<#######
......##.# #.#.####...#.......#
.........# #...# #)###.##.##.#
......######...####<# #.##.##.#
......##............###.##..?.##


You could see an ice beast.

Vanquished Creatures
  A necrophage (D:4)
  A scorpion (D:4)
  An iguana (D:4)
  6 adders
  A dart slug (D:4)
  5 orcs (D:3)
  7 ball pythons
  2 bats (D:1)
  6 endoplasms
  A giant cockroach (D:1)
  3 hobgoblins
  3 jackals
  3 quokkas
  4 frilled lizards
  8 goblins
  8 kobolds
  5 rats
65 creatures vanquished.

Notes
Turn   | Place    | Note
-------+----------+-------------------------------------------
     0 | D:1      | pkoi the Demigod Gladiator began the quest for the Orb.
     0 | D:1      | Reached XP level 1. HP: 17/17 MP: 3/3
   205 | D:1      | Reached skill level 3 in Unarmed Combat
   873 | D:1      | Reached XP level 2. HP: 24/24 MP: 4/4
  1103 | D:1      | Learned a level 1 spell: Slow
  1403 | D:2      | Noticed Sigmund
  1964 | D:2      | Reached XP level 3. HP: 15/29 MP: 5/5
  2610 | D:2      | Noticed Terence
  3468 | D:3      | Reached XP level 4. HP: 8/37 MP: 5/7
  3846 | D:3      | Reached skill level 4 in Unarmed Combat
  4513 | D:4      | Reached skill level 1 in Hexes
  4828 | D:4      | Reached skill level 1 in Spellcasting
  4828 | D:4      | Reached XP level 5. HP: 23/42 MP: 5/9
  5027 | D:4      | Noticed a necrophage
  5048 | D:4      | Killed a necrophage
  5358 | D:5      | Entered Level 5 of the Dungeon
  5358 | D:5      | Noticed an ice beast
  5894 | D:4      | Slain by an ice beast

Illustrated notes

Levels and vault maps discovered:
D:1:      lemuel_arrival_behind_the_door_small, layout_basic,
          hellmonk_ecumenical_altar_crossroads
D:2:      layout_basic, uniq_terence, uniq_sigmund
D:3:      layout_rooms
D:4:      layout_basic
D:5:      layout_loops_ring, temple_green, serial_shops, shop,
          nicolae_fountain_basement

Skill      XL: |  1  2  3  4 |
---------------+-------------+-----
Unarmed Combat | 3 4 |  4.5
Fighting       | 2 |  2.8
Dodging        | 3 |  3.4
Hexes          | 1 |  1.6
Spellcasting   | 1 |  1.4
Throwing       | |  1.7

Action                   |  1- 3 |  4- 6 || total
-------------------------+-------+-------++-------
Melee: Club              |   153 |    17 ||   170
       Unarmed           |    14 |       ||    14
       Punch             |    12 |     4 ||    16
       Dagger            |       |    47 ||    47
       Short sword       |       |    57 ||    57
 Fire: Hunting sling     |       |     2 ||     2
 Cast: Slow              |       |    17 ||    17
  Use: Scroll            |     9 |     1 ||    10
       Potion            |       |     2 ||     2
Armor: Leather armour    |    68 |    24 ||    92
Dodge: Dodged            |   128 |    53 ||   181
